 Dungeon Crawl Stone Soup version 0.31-a0-703-gcfe89afef6 (webtiles) character file.

Game seed: 15384108121178201057

56 qw the Shooter (level 3, -7/23 HPs)
             Began as a Gargoyle Hunter on Sept 8, 2023.
             Killed by divine providence
             ... invoked by an orc priest
              (8 damage)
             ... on level 3 of the Dungeon.
             The game lasted 00:00:31 (995 turns).

qw the Shooter (Gargoyle Hunter)                     Turns: 995, Time: 00:00:31

Health: -7/23      AC: 10    Str: 14    XL:     3   Next: 95%
Magic:  3/3        EV: 11    Int:  9    God:
Gold:   81         SH:  0    Dex: 15    Spells: 2/2 levels left

rFire   . . .        Y - +2 shortbow
rCold   . . .        (shield currently unavailable)
rNeg    + . .        c - +0 leather armour
rPois   inf          (no helmet)
rElec   +            (no cloak)
rCorr   .            (no gloves)
SInv    .            (no boots)
Will    .....        (no amulet)
Stlth   ++           e - +4 ring of protection
HPRegen 0.23/turn    (no ring)
MPRegen 0.08/turn

%: no passive effects
@: about to teleport
A: sickness immunity, AC +3, negative energy resistance 1, electricity
resistance, torment resistance 1, petrification resistance
a: no special abilities


You were on level 3 of the Dungeon.
You visited 1 branch of the dungeon, and saw 3 of its levels.

You collected 111 gold pieces.
You spent 30 gold pieces at shops.


Innate Abilities, Weirdness & Mutations

You are immune to sickness and miasma.
Your stone body is resilient. (AC +3)
You are immune to poison.
You resist negative energy. (rN+)
You are resistant to electric shocks. (rElec)
You are resistant to unholy torment.
You are immune to petrification.


   Skills:
 - Level 3.0 Fighting
 + Level 5.1 Ranged Weapons
 - Level 1.5 Dodging
 - Level 1.1 Stealth


You had 2 spell levels left.
You didn't know any spells.
Your spell library was empty.

Inventory:

Hand Weapons
 Y - a +2 shortbow (weapon)
Armour
 c - a +0 leather armour (worn)
Jewellery
 e - a +4 ring of protection (left hand)
Scrolls
 j - 3 scrolls of teleportation
Potions
 a - a potion of curing {unknown}
 d - a potion of brilliance {unknown}
 f - a potion of haste {unknown}
 h - a potion of berserk rage {unknown}
 i - a potion of heal wounds

Dungeon Overview and Level Annotations

Branches:
Dungeon (3/15)

Altars:

Shops:
D:1 ?


Message History

You shoot an arrow. The arrow hits the orc!
You kill the orc!
You hear a shout! x2
A goblin comes into view. It is wielding a +0 dagger.
Your Fighting skill increases to level 3!
You shoot an arrow. The arrow closely misses the goblin.
The arrow closely misses the orc priest.
987 ||| STAIRDANCE The goblin misses you.
You climb upwards.
There is a stone staircase leading down here.
You shoot an arrow. The arrow hits the goblin!
You kill the goblin!
Done exploring.
What level of the Dungeon? (default 3, ? - help)
You climb downwards.
The orc priest mumbles some strange prayers to Beogh against you.
Beogh smites you!
Ouch! That really hurt!
The orc hits you but does no damage. x2
The orc priest miscasts a cantrip.
There is a stone staircase leading up here.
You shoot an arrow. The arrow barely misses the orc priest.
The orc priest hits you but does no damage.
The orc misses you. The orc hits you but does no damage.
You shoot an arrow.
The arrow hits the orc priest but does no damage.
The orc priest completely misses you. The orc closely misses you.
The orc barely misses you.
You shoot an arrow.
The arrow hits the orc priest but does no damage.
The orc priest hits you with a +0 hand axe.
An endoplasm comes into view.
The orc hits you but does no damage. The orc barely misses you.
995 ||| READING 4 scrolls of teleportation.
As you read the scroll of teleportation, it crumbles to dust.
You feel strangely unstable.
The orc priest mumbles some strange prayers to Beogh against you.
Beogh smites you!
You die...

...... .#... .#
.... ... ...
### .... ..
.... .....
.#.....
......##o......
.......@o.#
......#o#.)..#
##### #.. #.##
#..# # ..## #.#
... ...


You could see an orc priest and 2 orcs.

Vanquished Creatures
  2 adders (D:2)
  An orc (D:3)
  3 ball pythons (D:1)
  3 endoplasms (D:1)
  A giant cockroach (D:2)
  3 goblins (D:2)
  3 hobgoblins (D:1)
  3 quokkas
  5 bats
  3 kobolds
  9 rats
36 creatures vanquished.

Notes
Turn   | Place    | Note
-------+----------+-------------------------------------------
     0 | D:1      | qw the Gargoyle Hunter began the quest for the Orb.
     0 | D:1      | Reached XP level 1. HP: 12/12 MP: 1/1
     0 | D:1      | 0 ||| qw: Version: 0.3-a-76-g4403597
     0 | D:1      | 0 ||| qw: Game counter: 1292
     0 | D:1      | 0 ||| qw: Melee chars always use a shield: true
     0 | D:1      | 0 ||| qw: God list: Okawaru
     0 | D:1      | 0 ||| qw: Allow faded altars: false
     0 | D:1      | 0 ||| qw: Do Orc after clearing Dungeon:15 true
     0 | D:1      | 0 ||| qw: Do second Lair branch before Depths: true
     0 | D:1      | 0 ||| qw: Lair rune preference: random
     0 | D:1      | 0 ||| qw: Goals: Normal
     0 | D:1      | 0 ||| PLANNING D:1-11
    82 | D:1      | Reached XP level 2. HP: 17/17 MP: 2/2
   331 | D:1      | Found The Oracle's Delphic Readings.
   335 | D:1      | 335 ||| SHOPLISTING scroll of enchant armour (75 gold, have
                  | 51).
   335 | D:1      | 335 ||| SHOPLISTING scroll of enchant weapon (75 gold, have
                  | 51).
   335 | D:1      | 335 ||| BUYING scroll of teleportation (30 gold).
   335 | D:1      | Bought a scroll of teleportation for 30 gold pieces
   476 | D:1      | 476 ||| UPGRADING to +4 ring of protection.
   477 | D:1      | 477 ||| READING 2 scrolls labelled JEAMIM DUCATIST.
   478 | D:1      | 478 ||| READING scroll labelled XUYWI FUCOESA.
   479 | D:1      | 479 ||| READING scroll labelled GEVUUFFATIRGH.
   480 | D:1      | 480 ||| DRINKING 2 metallic golden potions.
   481 | D:1      | 481 ||| DROPPING scroll of fog.
   482 | D:1      | 482 ||| DROPPING scroll of butterflies.
   516 | D:2      | Reached skill level 5 in Ranged Weapons
   516 | D:2      | Reached XP level 3. HP: 19/21 MP: 3/3
   957 | D:2      | 957 ||| READING scroll labelled YMUPLY CAIRU.
   958 | D:2      | 958 ||| READING scroll labelled IMYMARCH KUGISS.
   959 | D:2      | 959 ||| READING 2 scrolls labelled CYTHROA UCOOH.
   960 | D:2      | 960 ||| READING scroll of enchant weapon.
   960 | D:2      | 960 ||| ENCHANTING +1 shortbow.
   986 | D:3      | Reached skill level 3 in Fighting
   987 | D:3      | 987 ||| STAIRDANCE
   994 | D:3      | HP: 1/23 [orc priest/+0 hand axe (6)]
   995 | D:3      | 995 ||| READING 4 scrolls of teleportation.
   995 | D:3      | Killed from afar by an orc priest

Levels and vault maps discovered:
D:1:      noname_arrival_rooms_in_the_neighbourhood, layout_rooms,
          nicolae_nh_oracle_at_delphi
D:2:      layout_basic
D:3:      layout_rooms, lemuel_zombie_altar_kikubaaqudgha,
          hellmonk_ecumenical_altar_slurped_away, uniq_crazy_yiuf_cottage,
          uniq_jessica

Skill      XL: |  1  2  3 |
---------------+----------+-----
Ranged Weapons | 5 |  5.1
Fighting       | 3 |  3.0
Dodging        | |  1.5
Stealth        | |  1.1

Action                     || total
---------------------------++-------
   Fire: Shortbow          ||   122
    Use: Scroll            ||     8
         Potion            ||     1
 Armour: Leather armour    ||    33
  Dodge: Dodged            ||    25

Table legend:
 A = Non-vault XP
 B = Vault XP
 C = Vault XP percentage of total XP
 D = Non-vault monster count
 E = Vault monster count
 F = Vault count percentage of total count
                 A         B        C        D         E       F
            +---------+---------+-------+---------+---------+-------
      Total |      78 |       2 |   2.5 |      34 |       2 |   5.6
            +---------+---------+-------+---------+---------+-------
        D:1 |      30 |       2 |   6.2 |      18 |       2 |  10.0
        D:2 |      45 |       0 |   0.0 |      15 |       0 |   0.0
        D:3 |       3 |       0 |   0.0 |       1 |       0 |   0.0
            +---------+---------+-------+---------+---------+-------
